 Dungeon Crawl Stone Soup version 0.28.0-53-g5a82cb258f (webtiles) character file.

Game seed: 17789182052172864124

46 Stomo the Ruffian (level 3, -3/29 HPs)
             Began as a Draconian Transmuter on July 9, 2022.
             Slain by an orc priest
             ... wielding a +0 hand axe
              (5 damage)
             ... on level 2 of the Dungeon.
             The game lasted 00:01:36 (2040 turns).

Stomo the Ruffian (Draconian Transmuter)            Turns: 2040, Time: 00:01:36

Health: -3/29      AC:  5    Str: 14    XL:     3   Next: 46%
Magic:  4/6        EV: 12    Int: 13    God:
Gold:   43         SH:  0    Dex: 11    Spells: 3/6 levels left

rFire   . . .      SeeInvis .     - Unarmed
rCold   . . .      Faith    .   (no shield)
rNeg    . . .      Spirit   .   (armour unavailable)
rPois   .          Reflect  .   (helmet restricted)
rElec   .          Harm     .   (no cloak)
rCorr   .          Rampage  .   (no gloves)
Will    .....                   (no boots)
Stlth   +.........              (no amulet)
HPRegen 0.09/turn               (no ring)
MPRegen 0.10/turn               (no ring)

@: wereblooded
A: AC +5, unfitting armour, cold-blooded
a: no special abilities


You were on level 2 of the Dungeon.
You visited 1 branch of the dungeon, and saw 3 of its levels.

You collected 43 gold pieces.

Inventory:

Scrolls
 a - a scroll of amnesia {unknown}
 b - 2 scrolls of identify {unknown}
 e - a scroll of blinking {unknown}
Potions
 c - a potion of heal wounds {unknown}
 d - 3 potions of might {unknown}
 f - a potion of flight {unknown}


   Skills:
 + Level 1.9 Fighting
 + Level 2.2 Dodging
 + Level 3.3 Unarmed Combat
 + Level 2.3 Spellcasting
 + Level 2.4 Transmutations


You had 3 spell levels left.
You knew the following spells:

 Your Spells              Type           Power      Damage    Failure   Level
a - Beastly Appendage     Tmut           14%        N/A       9%          1
b - Wereblood             Tmut           7%         N/A       14%         2

Your spell library contained the following spells:

 Spells                   Type           Power      Damage    Failure   Level
 Spider Form              Tmut/Pois      4%         N/A       41%         3
 Ice Form                 Ice/Tmut       4%         N/A       83%         4


Dungeon Overview and Level Annotations

Branches:
Dungeon (3/15)

Altars:

Shops:
D:1 *


Innate Abilities, Weirdness & Mutations

Your plain brown scales are hard. (AC +5)
You cannot fit into any form of body armour.
You are cold-blooded and may be slowed by cold attacks.


Message History

Your transformation is almost over.
The orc closely misses you. The orc hits you with a +0 club.
You hit the orc.
The orc is moderately wounded.
The orc priest mumbles some strange prayers to Beogh against you.
Beogh smites you!
You barely miss the orc. Your headbutt misses the orc.
The orc is moderately wounded.
The orc hits you with a +0 club.
* * * LOW HITPOINT WARNING * * *
The orc hits you but does no damage.
You hit the orc but do no damage. You claw the orc.
The orc is almost dead.
The orc closely misses you. The orc hits you but does no damage.
Unknown command.
You hit the orc but do no damage. You claw the orc, but do no damage.
The orc is severely wounded.
The orc barely misses you. The orc closely misses you.
You completely miss the orc. Your kick misses the orc.
The orc is severely wounded.
The orc closely misses you. The orc hits you with a +0 club.
* * * LOW HITPOINT WARNING * * *
Unknown command.
You hit the orc but do no damage.
The orc is severely wounded.
The orc hits you but does no damage. The orc misses you.
You hit the orc.
You feel a bit better.
You kill the orc!
The orc priest miscasts a cantrip.
The orc barely misses you.
The orc priest hits you with a +0 hand axe.
* * * LOW HITPOINT WARNING * * *
Things that are here:
a +0 club; a +0 scale mail; an orc corpse You hit the orc priest.
Your kick misses the orc priest.
The orc priest is moderately wounded.
Your horns disappear.
Your talons disappear.
The orc barely misses you.
The orc priest hits you with a +0 hand axe.
You die...

...# ...# ...# ...# ...#
...####### ...##....#
...##....#####################
...............o@o...........#
...##รท...##################.##
...##....# #.# ...##....# #.#
...####### #.# ...# #.# ...#
#(# ...# #.# ...# #.#


You could see an orc priest and an orc.

Vanquished Creatures
  A dart slug (D:2)
  An orc (D:2)
  2 ball pythons (D:2)
  2 bats
  6 endoplasms
  A giant cockroach (D:2)
  6 goblins
  4 hobgoblins
  4 jackals (D:2)
  2 quokkas (D:2)
  2 frilled lizards
  3 kobolds
  3 rats
37 creatures vanquished.

Notes
Turn   | Place    | Note
-------+----------+-------------------------------------------
     0 | D:1      | Stomo the Draconian Transmuter began the quest for the Orb.
     0 | D:1      | Reached XP level 1. HP: 16/16 MP: 3/3
   282 | D:1      | Found Dyhygak's General Store.
   307 | D:1      | Reached XP level 2. HP: 20/23 MP: 3/5
   706 | D:1      | Learned a level 2 spell: Wereblood
  1091 | D:2      | Reached XP level 3. HP: 20/29 MP: 3/6
  1391 | D:2      | Found a faded altar of an unknown god.
  2040 | D:2      | Slain by an orc priest

Illustrated notes

Levels and vault maps discovered:
D:1:      scummos_arrival_checkerplants, layout_rooms, serial_shops,
          shop_statue, serial_corexii_hall, corexii_hall_statues_l,
          corexii_hall_statues_x, corexii_hall_statues_i,
          corexii_hall_statues_u, corexii_hall_statues_t,
          corexii_hall_statues_x, minmay_tiny_reverse_x
D:2:      layout_basic, shapermc_ecumenical_altar_starsandcircs,
          kennysheep_generic_room_4
D:3:      layout_loops_ring, mainiacjoe_overflow_alcove_4, uniq_pargi

Skill      XL: |  1  2 |
---------------+-------+-----
Dodging        | 2 |  2.2
Fighting       | |  1.9
Unarmed Combat | |  3.3
Spellcasting   | |  2.3
Transmutations | |  2.4

Action                   || total
-------------------------++-------
Melee: Unarmed           ||    92
       Headbutt          ||    10
       Kick              ||    12
       Tailslap          ||    10
 Cast: Beastly Appendage ||    19
       Wereblood         ||    11
Armor: Skin              ||    32
Dodge: Dodged            ||    65
